 Dungeon Crawl Stone Soup version 0.29.1-2-gbd0b4ee654 (webtiles) character file.

Game seed: 13714994754955954136

418 LustLizard the Insei (level 6, 0/42 HPs)
             Began as an Octopode Transmuter on Nov 30, 2022.
             Slain by a black bear (4 damage)
             ... on level 4 of the Dungeon.
             The game lasted 00:10:38 (5951 turns).

LustLizard the Insei (Octopode Transmuter)          Turns: 5951, Time: 00:10:39

Health: 0/42       AC:  1    Str: 10    XL:     6   Next: 93%
Magic:  0/10       EV: 13    Int: 17    God:
Gold:   149        SH:  0    Dex: 12    Spells: 2/10 levels left

rFire   . . .      SeeInvis .     - Unarmed
rCold   . . .      Faith    .   (no shield)
rNeg    . . .      Spirit   +   (helmet restricted)
rPois   .          Reflect  .   l - amulet of guardian spirit
rElec   .          Harm     .   d - ring of flight
rCorr   +          Rampage  .   a - ring of resist corrosion
Will    .....                   (no ring)
Stlth   ++........              (no ring)
HPRegen 0.14/turn               (no ring)
MPRegen 0.12/turn               (no ring)
                                (no ring)
                                (no ring)

@: about to teleport, flying, very slightly contaminated
A: almost no armour, amphibious, 8 rings, camouflage 1, gelatinous body 1,
(nimble swimmer 1), tentacles
a: no special abilities


You were on level 4 of the Dungeon.
You visited 1 branch of the dungeon, and saw 5 of its levels.

You collected 149 gold pieces.

Inventory:

Jewellery
 a - a ring of resist corrosion (right tentacle)
 d - a ring of flight (left tentacle)
 h - a ring of ice
 l - an amulet of guardian spirit (around mantle)
 s - an amulet of faith
Scrolls
 i - a scroll of identify {unknown}
 m - a scroll of fear {unknown}
 q - a scroll of poison {unknown}
 r - a scroll of enchant weapon {unknown}
 t - a scroll of brand weapon {unknown}
Potions
 c - a potion of attraction {unknown}
 e - 2 potions of curing {unknown}
 f - a potion of degeneration {unknown}
 g - a potion of might {unknown}
 j - a potion of flight {unknown}
 k - 4 potions of ambrosia {unknown}
 n - a potion of brilliance {unknown}
 o - a potion of haste {unknown}
 p - a potion of resistance {unknown}


   Skills:
 + Level 3.0 Fighting
 - Level 2.0 Dodging
 + Level 4.7 Unarmed Combat
 + Level 2.8 Spellcasting
 + Level 3.4 Transmutations
 * Level 3.0 Ice Magic


You had 2 spell levels left.
You knew the following spells:

 Your Spells              Type           Power      Damage    Failure   Level
a - Beastly Appendage     Tmut           28%        N/A       4%          1
b - Wereblood             Tmut           14%        N/A       6%          2
c - Ice Form              Ice/Tmut       13%        N/A       43%         4
d - Magic Dart            Conj           8%         1d3       19%         1

Your spell library contained the following spells:

 Spells                   Type           Power      Damage    Failure   Level
 Apportation              Tloc           4%         N/A       19%         1
 Necrotise                Necr           8%         1d4       19%         1
 Summon Small Mammal      Summ           8%         N/A       19%         1
 Call Imp                 Summ           2%         N/A       26%         2
 Spider Form              Tmut/Pois      8%         N/A       26%         3
 Mephitic Cloud           Conj/Pois/Air  2%         N/A       47%         3


Dungeon Overview and Level Annotations

Branches:
Dungeon (5/15)
 Temple: D:4-7

Altars:
Fedhas
Ru
Uskayaw
Yredelemnul

Annotations:
D:2 1 runed translucent door, Crazy Yiuf, Jessica, Natasha
D:4 exclusion: ogre


Innate Abilities, Weirdness & Mutations

You cannot wear most types of armour.
You are amphibious.
You can wear up to eight rings at the same time.
Your skin changes colour to match your surroundings (Stealth+).
Your rubbery body absorbs attacks. (AC +1, EV +1)
((You are camouflaged when in or above water. (Stealth+)))
You have tentacles for arms and can constrict up to eight enemies at once.


Message History

There is a stone staircase leading up, spattered with blood here.
The black bear bites you! The black bear barely misses you. x2
You fly upwards.
Level annotation: exclusion: ogre
There is a stone staircase leading down here.
Okay, then.
Okay, then.
Casting: Beastly Appendage (safe; 4% risk of failure)
Confirm with . or Enter, or press ? or * to list all spells.
Okay, then.
Casting: Beastly Appendage (safe; 4% risk of failure)
Confirm with . or Enter, or press ? or * to list all spells.
The spell is extremely dangerous to miscast (43% risk of failure)!
Continue anyway?
You miscast Ice Form.
You are very lightly contaminated with residual magic.
Heat is drained from your body! The black bear bites you.
The black bear claws you. x2
* * * LOW HITPOINT WARNING * * *
Casting: Ice Form (extremely dangerous; 43% risk of failure)
Confirm with . or Enter, or press ? or * to list all spells.
You don't have enough magic to cast this spell.
A black bear is nearby!
Casting: Ice Form (extremely dangerous; 43% risk of failure)
Confirm with . or Enter, or press ? or * to list all spells.
You don't have enough magic to cast this spell.
Casting: Ice Form (extremely dangerous; 43% risk of failure)
Confirm with . or Enter, or press ? or * to list all spells.
Okay, then.
Okay, then.
Okay, then.
As you read the scroll labelled XUUNLA SATA, it crumbles to dust.
You feel strangely unstable.
It was a scroll of teleportation.
The black bear bites you.
* * * LOW HITPOINT WARNING * * *
The black bear claws you.
* * * LOW HITPOINT WARNING * * *
The black bear closely misses you.
The black bear attacks as you move away!
The black bear bites you.
You die...

.................######.##.......
#........#######........##.......
#........## #.##.....##.....##
########..# #.##............#
##.# #...............# ##.##
#........#......# ##...#
#........#......#
#..#)#####........#.....## #
#.##.....h@.......#.....# .8#
###.#########....##########
..###...# ###### ..>#..###
..##### .8## #


You could see a black bear.

Vanquished Creatures
  A phantom (D:4)
  A scorpion (D:5)
  2 orc priests (D:3)
  A jelly (D:4)
  2 orc wizards
  3 gnolls (D:4)
  3 adders
  An ufetubus (D:4)
  A worm (D:4)
  3 dart slugs
  4 orcs
  5 ball pythons
  6 endoplasms
  4 giant cockroaches
  4 goblins
  7 hobgoblins
  6 kobolds
  8 quokkas
  10 bats
  4 frilled lizards
  4 rats
80 creatures vanquished.

Notes
Turn   | Place    | Note
-------+----------+-------------------------------------------
     0 | D:1      | LustLizard the Octopode Transmuter began the quest for the
                  | Orb.
     0 | D:1      | Reached XP level 1. HP: 13/13 MP: 3/3
   312 | D:1      | Reached XP level 2. HP: 18/18 MP: 3/5
   441 | D:1      | Found a faded altar of an unknown god.
   776 | D:1      | Reached XP level 3. HP: 23/23 MP: 4/6
  1402 | D:1      | Learned a level 2 spell: Wereblood
  1620 | D:2      | Noticed Jessica
  1764 | D:2      | Found a sacrificial altar of Ru.
  1778 | D:2      | Reached skill level 4 in Unarmed Combat
  1778 | D:2      | Reached XP level 4. HP: 12/29 MP: 5/7
  2242 | D:2      | Found a runed translucent door.
  2242 | D:2      | Noticed Natasha
  2243 | D:2      | Noticed Crazy Yiuf
  2400 | D:2      | Learned a level 4 spell: Ice Form
  3098 | D:3      | Reached skill level 1 in Ice Magic
  3255 | D:3      | Reached XP level 5. HP: 25/35 MP: 4/8
  3499 | D:4      | Found a hide-covered altar of Uskayaw.
  3499 | D:4      | Noticed a phantom
  4160 | D:4      | Learned a level 1 spell: Magic Dart
  4313 | D:4      | Noticed an ogre
  4361 | D:5      | Entered Level 5 of the Dungeon
  4428 | D:5      | Reached XP level 6. HP: 33/41 MP: 3/9
  4636 | D:5      | Noticed a black bear
  5521 | D:4      | Found a blossoming altar of Fedhas.
  5659 | D:4      | Found a basalt altar of Yredelemnul.
  5951 | D:4      | Slain by a black bear

Illustrated notes

Levels and vault maps discovered:
D:1:      dpeg_arrival_renting, layout_basic,
          hellmonk_ecumenical_altar_inner_sanctum, hex_intersection,
          kennysheep_nondescript
D:2:      layout_rooms, basic_altar, uniq_crazy_yiuf_cottage, uniq_natasha,
          uniq_jessica
D:3:      layout_rooms
D:4:      layout_basic, nicolae_overflow_hidden_temple
D:5:      layout_loops_corners, temple_hall

Skill      XL: |  1  2  3  4  5  6 |
---------------+-------------------+-----
Fighting       | 2 3 |  3.0
Unarmed Combat | 4 |  4.7
Ice Magic      | 1 2 3 |  3.0
Transmutations | 3 |  3.4
Dodging        | |  2.0
Spellcasting   | |  2.8

Action                   |  1- 3 |  4- 6 || total
-------------------------+-------+-------++-------
Melee: Unarmed           |    82 |    94 ||   176
       Kick              |    17 |    26 ||    43
       Constrict         |    28 |    25 ||    53
       Tentacles         |    19 |    22 ||    41
       Punch             |     2 |     5 ||     7
 Cast: Beastly Appendage |    21 |    21 ||    42
       Wereblood         |       |     4 ||     4
       Magic Dart        |       |    28 ||    28
  Use: Potion            |       |     1 ||     1
       Scroll            |       |     1 ||     1
 Stab: Sleeping          |     8 |     4 ||    12
Armor: Skin              |    10 |     2 ||    12
Dodge: Dodged            |    55 |    63 ||   118
